 Dungeon Crawl Stone Soup version 0.26.1-11-gd32895ea62 (webtiles) character file.

Game seed: 16673063255113610987

1979 Zeld the Carver (level 9, 0/56 HPs)
             Began as an Octopode Monk on May 19, 2021.
             Was a Believer of Qazlal.
             Slain by a sky beast (3 damage)
             ... on level 7 of the Dungeon.
             The game lasted 00:11:31 (10562 turns).

Zeld the Carver (Octopode Monk)                    Turns: 10562, Time: 00:11:31

Health: 0/56       AC:  1    Str: 13    XL:     9   Next: 20%
Magic:  9/9        EV: 14    Int: 13    God:    Qazlal [**....]
Gold:   481        SH:  3    Dex: 14    Spells: 8/8 levels left

rFire    + . .     SeeInvis .   h - +5 falchion
rCold    . . .     Faith    .   (no shield)
rNeg     . . .     Spirit   .   (helmet restricted)
rPois    .         Reflect  .   (no amulet)
rElec    .         Harm     .   r - ring of willpower
rCorr    +         Rampage  .   o - ring of resist corrosion
Will     +....                  n - ring of protection from fire
Stlth    +++.......             (no ring)
HPRegen  0.18/turn              (no ring)
MPRegen  0.11/turn              (no ring)
                                (no ring)
                                (no ring)

@: no status effects
A: almost no armour, stealthy swim, amphibious, 8 rings, constrict 8, camouflage
1, gelatinous body 1
a: Renounce Religion, Upheaval


You were on level 7 of the Dungeon.
You worshipped Qazlal.
Qazlal was pleased with you.
You visited 2 branches of the dungeon, and saw 8 of its levels.

You collected 481 gold pieces.

Inventory:

Hand Weapons
 h - a +5 falchion (weapon)
 q - a +2 long sword of flaming
 u - a +0 falchion
Missiles
 s - 18 boomerangs (quivered)
Jewellery
 n - a ring of protection from fire (on tentacle)
 o - a ring of resist corrosion (right tentacle)
 r - a ring of willpower (left tentacle)
Wands
 a - a wand of iceblast (17)
 w - a wand of flame (7)
 z - a wand of polymorph (7)
Scrolls
 b - 3 scrolls of enchant weapon {unknown}
 c - a scroll of silence {unknown}
 d - 6 scrolls of remove curse
 g - a scroll of magic mapping {unknown}
 i - a scroll of enchant armour {unknown}
 j - 2 scrolls of teleportation {unknown}
 l - 4 scrolls of identify {unknown}
 m - 4 scrolls of blinking {unknown}
 x - a scroll of amnesia {unknown}
 y - a scroll of random uselessness {unknown}
 A - a scroll of immolation {unknown}
 D - 4 scrolls of fear {unknown}
Potions
 e - 2 potions of heal wounds {unknown}
 f - a potion of ambrosia {unknown}
 k - 2 potions of might {unknown}
 p - 2 potions of resistance {unknown}
 t - a potion of degeneration {unknown}
 v - 3 potions of curing {unknown}
 B - a potion of brilliance {unknown}
 E - a potion of haste {unknown}
 F - 3 potions of mutation {unknown}


   Skills:
 - Level 3.0 Fighting
 * Level 11.9 Long Blades
 - Level 3.0 Dodging
 - Level 2.6 Stealth


You had 8 spell levels left.
You didn't know any spells.
Your spell library contained the following spells:

 Spells                   Type           Power        Failure   Level
 Animate Skeleton         Necr           0%           30%         1
 Apportation              Tloc           0%           30%         1
 Corona                   Hex            0%           30%         1
 Summon Small Mammal      Summ           0%           30%         1


Dungeon Overview and Level Annotations

Branches:
Dungeon (7/15)             Temple (1/1) D:6

Altars:
Cheibriados
Dithmenos
Elyvilon
Fedhas
Gozag
Hepliaklqana
Kikubaaqudgha
Makhleb
Nemelex Xobeh
Okawaru
Qazlal
Ru
Sif Muna
Trog
Uskayaw
Vehumet
Wu Jian
Xom
Yredelemnul
Zin

Shops:
D:5 (   D:6 :


Innate Abilities, Weirdness & Mutations

You cannot wear most types of armour.
You are very stealthy in the water. (Stealth+)
You are amphibious.
You can wear up to eight rings at the same time.
You can use your tentacles to constrict eight enemies at once.
Your skin changes colour to match your surroundings (Stealth+).
Your rubbery body absorbs attacks. (AC +1, EV +1)


Message History

a +0 dagger; a +0 short sword; an orc corpse The sky beast flickers out of sight!
Deactivating autopickup; reactivate with Ctrl-A.
The centaur shoots an arrow.
The centaur shoots an arrow.
A sky beast appears from thin air!
Reactivating autopickup.
The sky beast flickers out of sight!
Deactivating autopickup; reactivate with Ctrl-A.
The centaur shoots an arrow.
The arrow closely misses you.
The centaur shoots an arrow.
The arrow misses you.
The centaur shoots an arrow.
The arrow hits you!
* * * LOW HITPOINT WARNING * * *
You see here an arrow.
A sky beast appears from thin air!
Reactivating autopickup.
There is a stone staircase leading up here.
The sky beast flickers out of sight!
Deactivating autopickup; reactivate with Ctrl-A.
Something hits you.
You die...

#.# #..##### #.# #.#
#......# #.# #.####.#
...... #.# #?# #.# #.#..#
... ..# #.# ###.#..# #.#
### #.# c..#..# #.# #.#
#..#$.# #.# #.# #..#..#
#@#### #.#
#..#.)#######{##.## #.#
#..()(...c..c..(..#####.#
#.(#.#########..........#
#.##.# ##...####### ...
... ##.## ..##.##### ###
. .. #.


You could see a centaur.

Vanquished Creatures
  The ghost of Tirrikindir the Slasher, an amateur OpFi (D:4)
  Sigmund (D:4)
  A sky beast (D:6)
  A phantom (D:3)
  An ogre (D:5)
  A centaur (D:6)
  Blork the orc (D:3)
  A scorpion (D:4)
  9 wights
  A howler monkey (D:5)
  A hound (D:5)
  A jelly (D:6)
  5 orc priests
  2 iguanas
  5 orc wizards
  A worker ant (D:4)
  A howler monkey zombie (D:5)
  A worker ant zombie (D:6)
  8 adders
  6 gnolls (D:4)
  2 white imps (D:6)
  2 ufetubi
  An ooze (D:3)
  2 worms
  3 dart slugs
  4 leopard geckos
  39 orcs
  7 bats
  4 giant cockroaches
  8 hobgoblins
  17 jackals
  A quokka (D:3)
  3 ball pythons
  A ball python skeleton (D:5)
  5 frilled lizards
  11 goblins
  2 jackal skeletons (D:5)
  6 kobolds
  6 rats
173 creatures vanquished.

Vanquished Creatures (others)
  8 plants
8 creatures vanquished.

Grand Total: 181 creatures vanquished

Notes
Turn   | Place    | Note
-------+----------+-------------------------------------------
     0 | D:1      | Zeld the Octopode Monk began the quest for the Orb.
     0 | D:1      | Reached XP level 1. HP: 16/16 MP: 1/1
   251 | D:1      | Reached XP level 2. HP: 17/21 MP: 2/2
   906 | D:1      | Reached skill level 4 in Long Blades
  1101 | D:1      | Reached XP level 3. HP: 26/26 MP: 3/3
  2097 | D:2      | Reached XP level 4. HP: 31/31 MP: 4/4
  2320 | D:2      | Reached skill level 5 in Long Blades
  3133 | D:3      | Reached XP level 5. HP: 34/36 MP: 5/5
  3206 | D:3      | Found a white marble altar of Elyvilon.
  3207 | D:3      | Found a bloodstained altar of Trog.
  3551 | D:3      | Noticed Blork the orc
  3560 | D:3      | Killed Blork the orc
  3561 | D:3      | Reached skill level 6 in Long Blades
  3697 | D:3      | Found a shimmering blue altar of Sif Muna.
  3802 | D:3      | Reached XP level 6. HP: 21/42 MP: 6/6
  4131 | D:4      | Noticed a phantom
  4136 | D:4      | Reached skill level 7 in Long Blades
  4576 | D:3      | Killed a phantom
  5364 | D:4      | Noticed Sigmund
  5374 | D:4      | Killed Sigmund
  5375 | D:4      | Reached skill level 8 in Long Blades
  5375 | D:4      | Reached XP level 7. HP: 32/46 MP: 7/7
  5496 | D:4      | Found a transporter.
  5519 | D:4      | Noticed Tirrikindir's ghost (amateur OpFi)
  5534 | D:4      | Found a transporter.
  6065 | D:4      | Found a snail-covered altar of Cheibriados.
  6228 | D:5      | Entered Level 5 of the Dungeon
  6315 | D:5      | Reached skill level 9 in Long Blades
  6405 | D:5      | Found a burning altar of Makhleb.
  6836 | D:5      | Reached XP level 8. HP: 13/50 MP: 8/8
  7277 | D:4      | Killed Tirrikindir's ghost
  7462 | D:4      | Reached skill level 10 in Long Blades
  8682 | D:5      | Found Oratiwk's Antique Weapon Shoppe.
  9253 | D:6      | Found a staircase to the Ecumenical Temple.
  9430 | Temple   | Entered the Ecumenical Temple
  9504 | Temple   | Became a worshipper of Qazlal Stormbringer
  9504 | Temple   | Reached * piety under Qazlal
  9504 | Temple   | Reached ** piety under Qazlal
  9780 | D:6      | Reached skill level 11 in Long Blades
  9855 | D:6      | Reached XP level 9. HP: 40/54 MP: 9/9
 10157 | D:6      | Found Boureir's Book Shop.
 10549 | D:7      | Paralysed by a centaur for 2 turns
 10559 | D:7      | HP: 2/56 [centaur/arrow (12)]
 10562 | D:7      | Slain by a sky beast

Illustrated notes

Levels and vault maps discovered:
D:1:      tarquinn_simple_flora_water_b, layout_loops_corners,
          minmay_misc_feat_room, nrook_campfire, grunt_decor_cap,
          chequers_serial_rivers_large_a
D:2:      layout_basic, guppyfry_early_orc_mine
D:3:      layout_loops_ring, tgw_sif, grunt_temple_overflow_open
D:4:      layout_basic, gammafunk_ghost_gnarly_gnolls, kennysheep_slug_shrine,
          uniq_sigmund
D:5:      layout_gridville, kennysheep_mini, serial_shops, shop
D:6:      layout_loops_ring, minmay_temple_entry_proselytizer, serial_shops,
          shop
D:7:      layout_loops_ring, enter_bailey_2, hex_medium, worms_lemuel,
          uniq_maggie
Temple:   eino_temple_scatter_basement

Skill      XL: |  1  2  3  4  5  6  7  8 |
---------------+-------------------------+-----
Long Blades    | 4 5 6 8 9 11 | 11.9
Fighting       | |  3.0
Dodging        | |  3.0
Stealth        | |  2.6

Action                   |  1- 3 |  4- 6 |  7- 9 || total
-------------------------+-------+-------+-------++-------
Melee: Falchion          |    68 |    36 |   119 ||   223
       Constrict         |    27 |    22 |    50 ||    99
       Tentacles         |    11 |    19 |    48 ||    78
       Long sword        |       |    59 |    59 ||   118
  Use: Scroll            |       |       |     1 ||     1
 Stab: Sleeping          |    10 |    17 |     6 ||    33
Armor: Skin              |     2 |    10 |     3 ||    15
Dodge: Dodged            |    33 |    53 |    94 ||   180
Block: Other             |       |       |     2 ||     2
       Rpst.: Falchion   |    11 |    16 |    16 ||    43
       Long sword        |       |     4 |    12 ||    16
